 Dungeon Crawl Stone Soup version 0.27-a0-1071-ga85bd9520d (webtiles) character file.

Game seed: 268009128089005265

120 pokeman the Magician (level 4, -2/25 HPs)
             Began as a Deep Elf Hedge Wizard on Apr 24, 2021.
             Slain by a gnoll
             ... wielding a +0 club
              (6 damage)
             ... on level 3 of the Dungeon.
             The game lasted 00:04:55 (3641 turns).

pokeman the Magician (Deep Elf Hedge Wizard)        Turns: 3641, Time: 00:04:56

Health: -2/25      AC:  6    Str:  7    XL:     4   Next: 75%
Magic:  10/13      EV: 13    Int: 20    God:
Gold:   137        SH:  0    Dex: 14    Spells: 3/14 levels left

rFire    . . .     SeeInvis +   l - +2 short sword (venom)
rCold    . . .     Faith    .   (no shield)
rNeg     . . .     Spirit   .   p - +2 animal skin
rPois    .         Reflect  .   q - +1 helmet
rElec    .         Harm     .   (no cloak)
rCorr    .         Rampage  .   (no gloves)
Will     .....                  (no boots)
Stlth    +.........             (no amulet)
HPRegen  0.08/turn              j - ring of see invisible
MPRegen  0.13/turn              (no ring)

@: confused
A: no striking features
a: no special abilities


You were on level 3 of the Dungeon.
You visited 1 branch of the dungeon, and saw 4 of its levels.

You collected 137 gold pieces.

Inventory:

Hand Weapons
 l - a +2 short sword of venom (weapon)
Missiles
 d - 108 arrows
Armour
 p - a +2 animal skin (worn)
 q - a +1 helmet (worn)
Jewellery
 j - a ring of see invisible (left hand)
Scrolls
 b - a scroll of fear {unknown}
 e - a scroll of summoning {unknown}
 g - 5 scrolls of identify {unknown}
 h - a scroll of torment {unknown}
 i - 2 scrolls of noise {unknown}
 n - a scroll of brand weapon {unknown}
 o - a scroll of immolation {unknown}
Potions
 a - a potion of curing {unknown}
 c - a potion of lignification {unknown}
 f - a potion of cancellation {unknown}
 k - 2 potions of attraction {unknown}
 m - a potion of flight {unknown}


   Skills:
 - Level 1.0 Fighting
 - Level 1.0 Armour
 + Level 2.9 Dodging
 - Level 2.4 Stealth
 * Level 5.9 Spellcasting
 + Level 2.3 Conjurations
 - Level 1.1 Summonings
 - Level 1.1 Translocations
 - Level 1.0 Fire Magic
 + Level 0.2 Air Magic


You had 3 spell levels left.
You knew the following spells:

 Your Spells              Type           Power      Damage    Failure   Level
a - Magic Dart            Conj           60%        1d6       4%          1
b - Mephitic Cloud        Conj/Pois/Air  9%         N/A       22%         3
c - Call Imp              Summ           10%        N/A       10%         2
d - Blink                 Tloc           N/A        N/A       10%         2
e - Conjure Flame         Conj/Fire      12%        6-21      16%         3

Your spell library contained the following spells:

 Spells                   Type           Power      Damage    Failure   Level
 Slow                     Hex            5%         N/A       16%         2


Dungeon Overview and Level Annotations

Branches:
Dungeon (4/15)
 Temple: D:4-7

Altars:

Shops:
D:1 (   D:3 =

Annotations:
D:4 Edmund


Message History

Edmund the Younger comes into view.
He is wielding a +2 vorpal flail.
Casting: Magic Dart (safe; 4% risk of failure)
Confirm with . or Enter, or press ? or * to list all spells.
The spell is extremely dangerous to cast (22% risk of failure)!
Continue anyway?
Aiming: Mephitic Cloud (extremely dangerous; 22% risk of failure)
Press: ? - help, Shift-Dir - straight line, f - Edmund
Aim: Edmund, wielding a +2 vorpal flail and wearing a +0 ring mail (chance to affect: 81%) That beam is likely to hit you.
Continue anyway?
The ball explodes into a vile cloud!
The stinking cloud engulfs Edmund but does no damage.
The stinking cloud engulfs you but does no damage.
You are engulfed in noxious fumes.
You choke on the stench!
You are confused.
You hear a shout! x3
Something shouts, "Back with thee, thou bumbling elf-skinned swadder!"
Edmund is engulfed in noxious fumes.
Edmund appears confused.
Edmund hits you with a +2 vorpal flail!
A gnoll comes into view. It is wielding a +0 club.
Unknown command.
You bump into the rock wall.
You are engulfed in noxious fumes.
You choke on the stench!
You are more confused.
* * * LOW HITPOINT WARNING * * *
Edmund is engulfed in noxious fumes.
Edmund appears confused.
Unknown command.
You bump into the rock wall.
You are engulfed in noxious fumes.
You choke on the stench!
You are more confused.
* * * LOW HITPOINT WARNING * * *
Edmund is engulfed in noxious fumes.
Unknown command.
You are engulfed in noxious fumes.
You choke on the stench!
You are more confused.
* * * LOW HITPOINT WARNING * * *
Edmund is engulfed in noxious fumes.
The gnoll barely misses you.
You climb upwards.
There is a stone staircase leading down here.
Unknown command.
You bump into the rock wall.
The gnoll hits you with a +0 club.
You die...

....##.....## #.......#.###
............#########............
......................##.###.....
.............########)##......#..
............|# ###....####.#.#
.............# #....#.# #.#..
.............# ####..###.####.#..
............)###.g...# #...##.#..
................@#..># ###.##.#..
....##......###....#######.##.##.
######..#....)..#######.....∩....
#..#.)(............##.#..##.
#..)..÷##############.##.##.
#..##.[# #.#..##. ######...#)##
#.#.###. ....##.....## #.#.####
............## ##########.......


You could see a gnoll.

Vanquished Creatures
  Robin (D:3)
  2 adders
  4 worms
  A dart slug (D:3)
  5 ball pythons
  4 bats
  7 endoplasms
  4 giant cockroaches
  9 goblins
  12 hobgoblins
  5 jackals
  2 quokkas (D:2)
  5 frilled lizards
  4 kobolds
  5 rats
70 creatures vanquished.

Notes
Turn   | Place    | Note
-------+----------+-------------------------------------------
     0 | D:1      | pokeman the Deep Elf Hedge Wizard began the quest for the
                  | Orb.
     0 | D:1      | Reached XP level 1. HP: 10/10 MP: 7/7
   356 | D:1      | Reached XP level 2. HP: 16/16 MP: 4/9
   833 | D:1      | Reached skill level 5 in Spellcasting
   922 | D:1      | Found Goemu Qeili's Antique Weapon Shop.
  1305 | D:2      | Reached XP level 3. HP: 20/20 MP: 6/11
  1309 | D:2      | Learned a level 3 spell: Mephitic Cloud
  1312 | D:2      | Learned a level 2 spell: Call Imp
  1315 | D:2      | Learned a level 2 spell: Blink
  1319 | D:2      | Learned a level 3 spell: Conjure Flame
  1866 | D:2      | Reached skill level 1 in Fighting
  1972 | D:2      | Reached skill level 1 in Armour
  2750 | D:3      | Reached XP level 4. HP: 25/25 MP: 8/13
  2992 | D:3      | Found a faded altar of an unknown god.
  3139 | D:3      | Found Rysh's Jewellery Shoppe.
  3257 | D:3      | Reached skill level 1 in Fire Magic
  3367 | D:3      | Noticed Robin
  3381 | D:3      | Killed Robin
  3635 | D:4      | Noticed Edmund
  3641 | D:3      | Slain by a gnoll

Illustrated notes

Levels and vault maps discovered:
D:1:      roderic_crop_circles_arrival_small, layout_basic, serial_shops, shop,
          minmay_split_cup_large
D:2:      layout_loops_corners, minmay_tromino_v2
D:3:      layout_rooms, serial_shops, shop,
          hellmonk_ecumenical_altar_leap_of_faith, uniq_robin
D:4:      layout_loops_ring, uniq_pikel, uniq_edmund

Skill      XL: |  1  2  3  4 |
---------------+-------------+-----
Spellcasting   | 5 |  5.9
Fighting       | 1 |  1.0
Armour         | 1 |  1.0
Conjurations   | 2 |  2.3
Fire Magic     | 1 |  1.0
Dodging        | |  2.9
Stealth        | |  2.4
Summonings     | |  1.1
Translocations | |  1.1
Air Magic      | |  0.2

Action                   |  1- 3 |  4- 6 || total
-------------------------+-------+-------++-------
Melee: Hand axe          |     4 |       ||     4
       Short sword       |     2 |    14 ||    16
 Cast: Magic Dart        |   139 |    48 ||   187
       Mephitic Cloud    |       |     2 ||     2
 Stab: Sleeping          |     3 |       ||     3
Armor: Robe              |     3 |     1 ||     4
Dodge: Dodged            |    14 |     6 ||    20

Table legend: (Time is in decaauts)
 A = Elapsed time spent in this place.
 B = Non-inter-level travel time spent in this place.
 C = Inter-level travel time spent in this place.
 D = Time resting spent in this place.
 E = Time spent auto-exploring this place.
 F = Levels seen in this place.
 G = Mean time per level.
                   A        B        C        D        E       F      G
               +--------+--------+--------+--------+--------+-----+--------+
         Total |   3642 |   3570 |     72 |    101 |   3077 |   4 |  910.5 |
       Dungeon |   3642 |   3570 |     72 |    101 |   3077 |   4 |  910.5 |
               +--------+--------+--------+--------+--------+-----+--------+

Top non-repeatable levels by time:
     D:2: 1483 daAuts
     D:1: 1184 daAuts
     D:3: 964 daAuts
     D:4: 9 daAuts
